 Dungeon Crawl Stone Soup version 0.32-a0-994-gabb26cbae4 (webtiles) character file.

Game seed: 12622578052028748534

939 Revguard the Shield-Bearer (level 8, 0/62 HPs)
             Began as a Formicid Fighter on Apr 22, 2024.
             Was a Believer of Makhleb.
             Slain by a gnoll
             ... wielding a +0 spear
             ... led by a gnoll sergeant
              (6 damage)
             ... on level 5 of the Dungeon.
             The game lasted 00:10:05 (4120 turns).

Revguard the Shield-Bearer (Formicid Fighter)       Turns: 4120, Time: 00:10:05

Health: 0/62       AC:  7    Str: 22    XL:     8   Next: 34%
Magic:  10/10      EV:  9    Int:  9    God:    Makhleb [**....]
Gold:   198        SH:  0    Dex: 13    Spells: 7/7 levels left

rFire   . . .        e - +1 mace (venom)
rCold   . . .        c - +0 buckler
rNeg    . . .        b - +0 scale mail
rPois   +            (helmet unavailable)
rElec   .            (no cloak)
rCorr   .            (no gloves)
SInv    +            (no boots)
Will    .....        (no amulet) Stlth
                     p - ring of poison resistance
HPRegen 0.30/turn    (no ring)
MPRegen 0.12/turn

%: no passive effects
@: confused, ambrosia-drunk
A: permanent stasis, dig shafts and tunnels, antennae 3, four strong arms
a: Dig, Shaft Self, Renounce Religion, Minor Destruction


You were on level 5 of the Dungeon.
You worshipped Makhleb.
Makhleb was pleased with you.
You visited 1 branch of the dungeon, and saw 5 of its levels.

You collected 198 gold pieces.

Inventory:

Hand Weapons
 a - a +0 war axe
 e - a +1 mace of venom (weapon)
 k - a +0 flail of holy wrath
Armour
 b - a +0 scale mail (worn)
 c - a +0 buckler (worn)
Jewellery
 p - a ring of poison resistance (left hand)
Scrolls
 g - a scroll of poison
 h - 3 scrolls of fog {unknown}
 j - 2 scrolls of blinking {unknown}
 l - 4 scrolls of teleportation {unknown}
 m - a scroll of noise
 n - a scroll of vulnerability
 o - a scroll of enchant armour {unknown}
 q - a scroll of fear {unknown}
 r - a scroll of butterflies {unknown}
 t - a scroll of identify
Potions
 d - 4 potions of haste
 f - a potion of ambrosia
 i - 2 potions of curing
 s - a potion of resistance
 u - a potion of attraction {unknown}


   Skills:
 + Level 5.1 Fighting
 + Level 3.9 Axes
 + Level 5.0 Armour
 + Level 2.7 Dodging
 + Level 5.9 Shields
 + Level 3.6 Invocations
 + Level 3.4 Evocations


You had 7 spell levels left.
You didn't know any spells.
Your spell library was empty.

Dungeon Overview and Level Annotations

Branches:
Dungeon (5/15)
 Temple: D:4-7

Altars:
Makhleb


Innate Abilities, Weirdness & Mutations

You cannot be hasted, slowed, berserked, paralysed or teleported.
You can dig through walls and to a lower floor.
You have a pair of large antennae on your head. (SInv)
Your four strong arms can wield two-handed weapons with a shield.


Message History

A gnoll comes into view. It is wielding a +0 flail.
The orc priest invokes the aid of Beogh against you.
Beogh smites you! The gnoll closely misses you.
You hear an angry growl.
Things that are here:
a +0 long sword; 3 boomerangs; a +0 leather armour You closely miss the gnoll.
You block the orc's attack. The gnoll barely misses you.
The gnoll hits you with a +0 club.
Unknown command.
You barely miss the gnoll. The orc hits you but does no damage.
The gnoll hits you with a +0 spear. The gnoll hits you with a +0 club.
Unknown command.
You thump the gnoll!
The gnoll looks as sick as possible!
The gnoll is almost dead.
You kill the gnoll!
Makhleb accepts your kill.
You feel better.
The orc hits you with a +0 dagger of electrocution.
The gnoll completely misses you.
The orc hits you with a +0 dagger of electrocution.
You are electrocuted!
The orc priest invokes the aid of Beogh against you.
Beogh smites you!
* * * LOW HITPOINT WARNING * * *
The gnoll hits you with a +0 flail.
* * * LOW HITPOINT WARNING * * *
The gnoll misses you.
You are confused.
You feel invigorated. The orc hits you but does no damage.
You are electrocuted!
* * * LOW HITPOINT WARNING * * *
The gnoll misses you.
A gnoll sergeant comes into view. It is wielding a +4 vampiric spear.
The gnoll hits you but does no damage.
You thump the gnoll!
The gnoll is poisoned.
The gnoll is heavily wounded.
The orc hits you with a +0 dagger of electrocution.
* * * LOW HITPOINT WARNING * * *
The gnoll hits you with a +0 spear.
You die...

#....#..#..>#.......#
'....#..#...#.......#
#....'..#...'.......#
#....######'#.......#
...#######..#.......#
...# #.....#.......# ...#
#.....#.......##### ...#
#.....#...go....... ...#
##...##...@go......
.#######'#########g#.....
.#....#....# ,.# ..).
.#)...#....# ,.# ###
.')...#....# .{,
.#######'### .#
..........# .#
..........# ..........#


You could see a gnoll sergeant, an orc priest, 2 gnolls and an orc.

Vanquished Creatures
  Eustachio (D:5)
  Edmund (D:4)
  An ice beast (D:5)
  A phantom (D:5)
  A scorpion (D:5)
  A bombardier beetle (D:3)
  2 hounds (D:5)
  A jelly (D:4)
  An orc priest (D:5)
  2 iguanas (D:5)
  2 orc wizards (D:5)
  Robin (D:4)
  4 gnolls
  4 adders
  3 ribbon worms
  2 dart slugs
  12 orcs
  4 bats
  9 endoplasms
  2 giant cockroaches (D:1)
  11 goblins
  10 hobgoblins
  4 jackals (D:1)
  8 kobolds
  4 quokkas
  9 ball pythons
  6 frilled lizards
  6 rats
113 creatures vanquished.

Notes
Turn   | Place    | Note
-------+----------+-------------------------------------------
     0 | D:1      | Revguard the Formicid Fighter began the quest for the Orb.
     0 | D:1      | Reached XP level 1. HP: 18/18 MP: 1/1
    86 | D:1      | Reached XP level 2. HP: 8/24 MP: 2/2
   248 | D:1      | Reached XP level 3. HP: 29/29 MP: 3/3
   551 | D:2      | Reached skill level 1 in Invocations
   582 | D:2      | Reached skill level 1 in Evocations
   618 | D:2      | Reached XP level 4. HP: 12/37 MP: 4/4
   892 | D:2      | Reached skill level 1 in Dodging
   968 | D:2      | Reached XP level 5. HP: 42/42 MP: 6/6
  1927 | D:3      | Found a faded altar of an unknown god.
  2015 | D:3      | Prayed at the altar of an unknown god.
  2015 | D:3      | Became a worshipper of Makhleb the Destroyer
  2015 | D:3      | Reached * piety under Makhleb
  2091 | D:4      | Noticed Edmund
  2104 | D:4      | HP: 2/42 [Edmund/+0 flail of holy wrath (4)]
  2110 | D:4      | Killed Edmund
  2111 | D:4      | Reached XP level 6. HP: 37/48 MP: 7/7
  2200 | D:4      | Noticed Robin
  2206 | D:4      | Reached skill level 5 in Shields
  2220 | D:4      | Killed Robin
  3176 | D:5      | Entered Level 5 of the Dungeon
  3185 | D:5      | Reached XP level 7. HP: 19/55 MP: 8/8
  3773 | D:5      | Reached XP level 8. HP: 61/61 MP: 10/10
  3827 | D:5      | Noticed Eustachio
  3838 | D:5      | Killed Eustachio
  3839 | D:5      | Reached skill level 5 in Fighting
  3839 | D:5      | Reached skill level 5 in Armour
  4113 | D:5      | Reached ** piety under Makhleb
  4119 | D:5      | HP: 1/62 [orc/+0 dagger of electrocution (12)]
  4120 | D:5      | Slain by a gnoll

Illustrated notes

Levels and vault maps discovered:
D:1:      dpeg_arrival_simpleton_b, layout_basic
D:2:      layout_basic, serial_rivers, chequers_serial_rivers_small_a,
          chequers_serial_rivers_small_b, chequers_serial_rivers_small_b,
          chequers_serial_rivers_large_a, chequers_serial_rivers_marsh
D:3:      layout_loops_ring, ebering_ecumenical_altar_rust
D:4:      layout_basic, serial_rivers, chequers_serial_rivers_small_3,
          chequers_serial_rivers_small_b, chequers_serial_rivers_large_b,
          chequers_serial_rivers_small_3, chequers_serial_rivers_small_3,
          uniq_edmund, uniq_robin
D:5:      layout_gridville, lemuel_coloured_pillars_altar, uniq_eustachio

Skill      XL: |  1  2  3  4  5  6  7  8 |
---------------+-------------------------+-----
Invocations    | 1 2 3 |  3.6
Evocations     | 1 2 3 |  3.4
Dodging        | 1 2 |  2.7
Fighting       | 4 5 |  5.1
Armour         | 4 5 |  5.0
Axes           | 3 |  3.9
Shields        | 5 |  5.9

Action                     |  1- 3 |  4- 6 |  7- 9 || total
---------------------------+-------+-------+-------++-------
  Melee: War axe           |    73 |   163 |     8 ||   244
         Mace              |       |       |    64 ||    64
         Flail             |       |       |     7 ||     7
Ability: Dig               |       |     2 |       ||     2
    Use: Potion            |       |     4 |     2 ||     6
         Scroll            |       |     6 |       ||     6
 Armour: Scale mail        |   100 |   153 |    71 ||   324
  Dodge: Dodged            |    58 |    79 |    41 ||   178
  Block: Buckler           |    36 |    46 |    23 ||   105

Table legend: (Time is in decaauts)
 A = Elapsed time spent in this place.
 B = Non-inter-level travel time spent in this place.
 C = Inter-level travel time spent in this place.
 D = Time resting spent in this place.
 E = Time spent auto-exploring this place.
 F = Levels seen in this place.
 G = Mean time per level.
                   A        B        C        D        E       F      G
               +--------+--------+--------+--------+--------+-----+--------+
         Total |   4327 |   4192 |    135 |     59 |   3270 |   5 |  865.4 |
       Dungeon |   4327 |   4192 |    135 |     59 |   3270 |   5 |  865.4 |
               +--------+--------+--------+--------+--------+-----+--------+

Top non-repeatable levels by time:
     D:4: 1214 daAuts
     D:5: 969 daAuts
     D:2: 937 daAuts
     D:3: 732 daAuts
     D:1: 473 daAuts
